 Dungeon Crawl Stone Soup version 0.28-a0-124-g73ec313a74 (webtiles) character file.

Game seed: 11667786408889985790

860 Gargoyl the Skirmisher (level 8, -5/67 HPs)
             Began as a Gnoll Abyssal Knight on Aug 15, 2021.
             Was a Believer of Lugonu.
             Slain by Veteran's ghost (9 damage)
             ... on level 4 of the Dungeon.
             The game lasted 00:05:43 (4227 turns).

Gargoyl the Skirmisher (Gnoll Abyssal Knight)       Turns: 4227, Time: 00:05:43

Health: -5/67      AC: 13    Str: 13      XL:     8   Next: 2%
Magic:  12/12      EV:  4    Int: 13      God:    Lugonu [**....]
Gold:   175        SH:  0    Dex:  5 (11) Spells: 12/12 levels left

rFire   . . .      SeeInvis .   a - +1 hand axe (spect)
rCold   . . .      Faith    .   (no shield)
rNeg    . . .      Spirit   .   e - +0 plate armour
rPois   .          Reflect  .   (no helmet)
rElec   .          Harm     .   (no cloak)
rCorr   .          Rampage  .   d - +0 pair of gloves
Will    .....                   (no boots)
Stlth   ..........              (no amulet)
HPRegen 0.21/turn               (no ring)
MPRegen 0.13/turn               (no ring)

@: mighty, attractive
A: fangs 1, strong nose, distributed training
a: Renounce Religion, Depart the Abyss, Bend Space


You were on level 4 of the Dungeon.
You worshipped Lugonu.
Lugonu was pleased with you.
You visited 1 branch of the dungeon, and saw 4 of its levels.
You visited the Abyss 1 time.

You collected 175 gold pieces.

Inventory:

Hand Weapons
 a - a +1 spectral hand axe (weapon)
Armour
 d - a +0 pair of gloves (worn)
 e - a +0 plate armour (worn)
Wands
 i - a wand of polymorph (12)
Scrolls
 b - 2 scrolls of identify
 h - a scroll of fog
 j - a scroll of amnesia {unknown}
Potions
 f - 2 potions of brilliance


   Skills:
 + Level 7.2 Fighting
 + Level 2.8 Short Blades
 + Level 2.8 Long Blades
 + Level 5.4 Axes
 + Level 2.8 Maces & Flails
 + Level 2.8 Polearms
 + Level 2.8 Staves
 + Level 2.8 Slings
 + Level 2.8 Bows
 + Level 2.8 Crossbows
 + Level 2.8 Throwing
 + Level 5.4 Armour
 + Level 3.9 Dodging
 + Level 2.8 Stealth
 + Level 2.8 Shields
 + Level 2.8 Unarmed Combat
 + Level 2.8 Spellcasting
 + Level 2.3 Conjurations
 + Level 2.3 Hexes
 + Level 2.3 Summonings
 + Level 2.3 Necromancy
 + Level 2.3 Translocations
 + Level 2.3 Transmutations
 + Level 2.3 Fire Magic
 + Level 2.3 Ice Magic
 + Level 2.3 Air Magic
 + Level 2.3 Earth Magic
 + Level 2.3 Poison Magic
 + Level 5.6 Invocations
 + Level 2.8 Evocations


You had 12 spell levels left.
You didn't know any spells.
Your spell library was empty.

Dungeon Overview and Level Annotations

Branches:
Dungeon (4/15)
 Temple: D:4-7

Altars:
Fedhas
Kikubaaqudgha
Ru
Sif Muna

Annotations:
D:4 Veteran's ghost, amateur DDFi


Innate Abilities, Weirdness & Mutations

You have very sharp teeth.
Your uncanny sense of smell can sniff out nearby items.
Your experience applies equally to all skills.


Message History

You hit Veteran's ghost.
Veteran's ghost is heavily damaged.
Your +1 spectral hand axe hits Veteran's ghost but does no damage.
Veteran's ghost hits you but does no damage.
Unknown command.
You hit Veteran's ghost but do no damage.
Your bite misses Veteran's ghost.
Veteran's ghost is heavily damaged.
Your +1 spectral hand axe hits Veteran's ghost.
Veteran's ghost hits you!
* * * LOW HITPOINT WARNING * * *
Unknown command.
You hit Veteran's ghost.
Veteran's ghost is severely damaged.
Your +1 spectral hand axe hits Veteran's ghost but does no damage.
Veteran's ghost hits you.
* * * LOW HITPOINT WARNING * * *
Unknown command.
You slash Veteran's ghost!
Veteran's ghost is almost destroyed.
Your +1 spectral hand axe closely misses Veteran's ghost.
Veteran's ghost hits you.
* * * LOW HITPOINT WARNING * * *
Unknown command.
You closely miss Veteran's ghost.
Veteran's ghost is almost destroyed.
Your +1 spectral hand axe hits Veteran's ghost but does no damage.
Veteran's ghost hits your +1 spectral hand axe but does no damage.
Unknown command.
You closely miss Veteran's ghost.
Veteran's ghost is almost destroyed.
Your +1 spectral hand axe hits Veteran's ghost.
Veteran's ghost hits you.
* * * LOW HITPOINT WARNING * * *
Unknown command.
You closely miss Veteran's ghost.
Veteran's ghost is almost destroyed.
Your +1 spectral hand axe barely misses Veteran's ghost.
Veteran's ghost hits you!
You die...

......#....#...<.................
#+######...#.....###.#....)......
#.# #..)#.....# #.#...........
#.######...#.....###.#....(####..
..##.......#.....##...|..........
##.'.......#.....##...........#.#
#.#........#+##.##.#########.#.#
##.#........#.##.##.........#.#.#
.#.#...........W@....####...#.#.#
.#.#....#...#.##(##.#####.###.#.#
'#'#....#...#..#.##.......###.#.)
........#.W....#..#.............#
........#.#....#..#.#########.#.#
......#...#....#..#.# ###+#.#
......#.#.#....#[.#.# #......
...[...........#..#.#######....##
...####©###.....)..............##


You could see Veteran's ghost and a friendly +1 spectral hand axe (summoned).

Vanquished Creatures
  An oklob plant (D:3)
  An ogre (D:4)
  A swamp dragon skeleton (Abyss:2)
  2 scorpions (D:4)
  A hound (D:3)
  A quasit (D:4)
  An orc priest (D:3)
  A hound skeleton (D:4)
  A gnoll (D:1)
  2 adders (D:3)
  An adder skeleton (D:4)
  4 dart slugs
  4 orcs
  9 bats
  A bat zombie (D:3)
  3 endoplasms
  4 giant cockroaches
  6 goblins
  6 hobgoblins
  3 jackals
  3 quokkas
  4 ball pythons
  A frilled lizard (D:1)
  9 kobolds
  A rat (D:2)
  3 rat zombies (D:3)
74 creatures vanquished.

Vanquished Creatures (others)
  5 fungi (D:3)
  11 plants
  4 starspawn tentacles (Abyss:2)
  13 toadstools (D:3)
33 creatures vanquished.

Grand Total: 107 creatures vanquished

Notes
Turn   | Place    | Note
-------+----------+-------------------------------------------
     0 | Abyss:1  | Gargoyl the Gnoll Abyssal Knight began the quest for the
                  | Orb.
     0 | Abyss:1  | Reached XP level 1. HP: 23/23 MP: 3/3
    87 | Abyss:2  | Reached skill level 1 in Short Blades
    87 | Abyss:2  | Reached skill level 1 in Long Blades
    87 | Abyss:2  | Reached skill level 1 in Maces & Flails
    87 | Abyss:2  | Reached skill level 1 in Polearms
    87 | Abyss:2  | Reached skill level 1 in Staves
    87 | Abyss:2  | Reached skill level 1 in Slings
    87 | Abyss:2  | Reached skill level 1 in Bows
    87 | Abyss:2  | Reached skill level 1 in Crossbows
    87 | Abyss:2  | Reached skill level 1 in Throwing
    87 | Abyss:2  | Reached skill level 1 in Stealth
    87 | Abyss:2  | Reached skill level 1 in Shields
    87 | Abyss:2  | Reached skill level 1 in Unarmed Combat
    87 | Abyss:2  | Reached skill level 1 in Spellcasting
    87 | Abyss:2  | Reached skill level 1 in Evocations
    87 | Abyss:2  | Reached XP level 2. HP: 29/29 MP: 5/5
    87 | Abyss:2  | Reached XP level 3. HP: 35/35 MP: 6/6
    87 | Abyss:2  | Reached XP level 4. HP: 41/41 MP: 7/7
    96 | Abyss:2  | Noticed a tentacled starspawn
   129 | D:1      | Escaped the Abyss
   268 | D:1      | Reached skill level 1 in Conjurations
   268 | D:1      | Reached skill level 1 in Hexes
   268 | D:1      | Reached skill level 1 in Summonings
   268 | D:1      | Reached skill level 1 in Necromancy
   268 | D:1      | Reached skill level 1 in Translocations
   268 | D:1      | Reached skill level 1 in Transmutations
   268 | D:1      | Reached skill level 1 in Fire Magic
   268 | D:1      | Reached skill level 1 in Ice Magic
   268 | D:1      | Reached skill level 1 in Air Magic
   268 | D:1      | Reached skill level 1 in Earth Magic
   268 | D:1      | Reached skill level 1 in Poison Magic
   890 | D:1      | Reached * piety under Lugonu
  1789 | D:2      | Reached XP level 5. HP: 47/47 MP: 8/8
  2153 | D:3      | Found a blossoming altar of Fedhas.
  2170 | D:3      | Noticed an oklob plant
  2664 | D:3      | Found a sacrificial altar of Ru.
  2776 | D:3      | Found an ancient bone altar of Kikubaaqudgha.
  2802 | D:3      | Found a faded altar of an unknown god.
  2811 | D:3      | Reached skill level 5 in Invocations
  2811 | D:3      | Reached XP level 6. HP: 53/53 MP: 9/9
  3156 | D:3      | Killed an oklob plant
  3157 | D:3      | Reached skill level 7 in Fighting
  3157 | D:3      | Reached skill level 5 in Axes
  3157 | D:3      | Reached skill level 5 in Armour
  3157 | D:3      | Reached XP level 7. HP: 52/60 MP: 9/11
  3613 | D:4      | Reached ** piety under Lugonu
  3691 | D:4      | Found a transporter.
  3721 | D:4      | Found a shimmering blue altar of Sif Muna.
  3754 | D:4      | Noticed Veteran's ghost (amateur DDFi)
  3768 | D:4      | Found a transporter.
  4206 | D:4      | Reached XP level 8. HP: 44/67 MP: 12/12
  4227 | D:4      | Slain by Veteran's ghost

Illustrated notes

Levels and vault maps discovered:
D:1:      elethiomel_arrival_quiet, layout_basic, serial_bayou,
          serial_bayou_crossing, serial_bayou_pond_b, serial_bayou_shore_b,
          serial_bayou_pond_d, minmay_octomino_e4
D:2:      layout_loops_corners
D:3:      layout_loops_ring, nicolae_overflow_crystal_walls, tgw_fedhas,
          lemuel_zombie_altar_kikubaaqudgha, ebering_ecumenical_altar_hall,
          solitary_fountain
D:4:      layout_basic, led_sif_pool, gammafunk_ghost_stat_death

Skill      XL: |  1  2  3  4  5  6 |
---------------+-------------------+-----
Short Blades   | 1 2 |  2.8
Long Blades    | 1 2 |  2.8
Maces & Flails | 1 2 |  2.8
Polearms       | 1 2 |  2.8
Staves         | 1 2 |  2.8
Slings         | 1 2 |  2.8
Bows           | 1 2 |  2.8
Crossbows      | 1 2 |  2.8
Throwing       | 1 2 |  2.8
Stealth        | 1 2 |  2.8
Shields        | 1 2 |  2.8
Unarmed Combat | 1 2 |  2.8
Spellcasting   | 1 2 |  2.8
Evocations     | 1 2 |  2.8
Conjurations   | 1 2 |  2.3
Hexes          | 1 2 |  2.3
Summonings     | 1 2 |  2.3
Necromancy     | 1 2 |  2.3
Translocations | 1 2 |  2.3
Transmutations | 1 2 |  2.3
Fire Magic     | 1 2 |  2.3
Ice Magic      | 1 2 |  2.3
Air Magic      | 1 2 |  2.3
Earth Magic    | 1 2 |  2.3
Poison Magic   | 1 2 |  2.3
Dodging        | 3 |  3.9
Invocations    | 5 |  5.6
Fighting       | 7 |  7.2
Axes           | 5 |  5.4
Armour         | 5 |  5.4

Action                   |  1- 3 |  4- 6 |  7- 9 || total
-------------------------+-------+-------+-------++-------
Melee: Hand axe          |       |   157 |    64 ||   221
       Bite              |       |    13 |     8 ||    21
Invok: Depart the Abyss  |       |     1 |       ||     1
Evoke: Wand              |     8 |       |     3 ||    11
  Use: Scroll            |     2 |     5 |       ||     7
       Potion            |       |     3 |     3 ||     6
 Stab: Sleeping          |       |     1 |       ||     1
Armor: Leather armour    |       |    30 |       ||    30
       Plate armour      |       |    60 |    97 ||   157
Dodge: Dodged            |       |    91 |    25 ||   116

Table legend: (Time is in decaauts)
 A = Elapsed time spent in this place.
 B = Non-inter-level travel time spent in this place.
 C = Inter-level travel time spent in this place.
 D = Time resting spent in this place.
 E = Time spent auto-exploring this place.
 F = Levels seen in this place.
 G = Mean time per level.
                   A        B        C        D        E       F      G
               +--------+--------+--------+--------+--------+-----+--------+
         Total |   4264 |   4137 |    127 |    138 |   3221 |   6 |  710.7 |
       Dungeon |   4135 |   4008 |    127 |    131 |   3188 |   4 | 1033.8 |
         Abyss |    129 |    129 |      0 |      7 |     33 |   2 |   64.5 |
               +--------+--------+--------+--------+--------+-----+--------+

Top non-repeatable levels by time:
     D:3: 1240 daAuts
     D:1: 1145 daAuts
     D:4: 895 daAuts
     D:2: 854 daAuts
 Abyss:2: 90 daAuts
 Abyss:1: 38 daAuts
